 Dungeon Crawl Stone Soup version 0.23.0-2-g0fe3ce5 (webtiles) character file.

Game seed: 8380972588570922470

60116 CanOfBees the Summoner (level 14, -3/135 HPs)
             Began as a Tengu Summoner on Feb 19, 2019.
             Was a High Priest of Okawaru.
             Slain by a skeletal warrior
             ... wielding a +0 halberd
             ... led by a skeletal warrior
              (14 damage)
             ... on level 13 of the Dungeon.
             The game lasted 01:40:54 (41272 turns).

CanOfBees the Summoner (Tengu Summoner)            Turns: 41272, Time: 01:40:55

Health: -3/135     AC: 20    Str: 16    XL:     14   Next: 98%
Magic:  22/29      EV: 18    Int: 18    God:    Okawaru [*****.]
Gold:   1514       SH:  6    Dex: 15    Spells: 13/33 levels left

rFire    + . .     SeeInvis .   a - +3 demon trident (flame)
rCold    + + .     Gourm    +   Q - +1 buckler
rNeg     . . .     Faith    .   s - +7 Kryia's mail coat {PotionHeal*2 rC+}
rPois    +         Spirit   .   (helmet restricted)
rElec    +         Reflect  .   l - +2 cloak
rCorr    +         Harm     .   E - +2 pair of gloves
MR       ++...                  (boots unavailable)
Stlth    ..........             u - amulet of the gourmand
HPRegen  0.32/turn              r - ring of poison resistance
MPRegen  0.21/turn              F - ring of protection from magic

@: berserking, resistant, flying quickly and evasively, very quick
A: beak, talons 3, camouflage 1, sense surroundings 1, able to fly
a: Stop Flying, Heroism, Finesse, Renounce Religion


You were on level 13 of the Dungeon.
You worshipped Okawaru.
Okawaru was extremely pleased with you.
You were very full.

You visited 3 branches of the dungeon, and saw 20 of its levels.
You also visited: Gauntlet.

You collected 1564 gold pieces.
You spent 50 gold pieces at shops.

Inventory:

Hand Weapons
 a - a +3 demon trident of flaming (weapon)
 O - a +2 great mace of draining
Missiles
 h - 291 arrows
Armour
 l - a +2 cloak (worn)
 s - the +7 Kryia's mail coat (worn) {PotionHeal*2 rC+}
   (You found it on level 5 of the Dungeon)

   It protects you from cold.
 E - a +2 pair of gloves (worn)
 Q - a +1 buckler (worn)
Magical Staves
 L - an uncursed staff of cold
Jewellery
 n - an uncursed ring of protection from fire
 o - an uncursed ring of positive energy
 p - the ring of Moeplas {rN+ Str+2, unknown}
   (You found it on level 6 of the Lair of Beasts)

   [ring of strength]

   It affects your strength (+2).
   It protects you from negative energy.
 q - an uncursed ring of ice
 r - a ring of poison resistance (left hand)
 u - an amulet of the gourmand (around neck)
 F - a ring of protection from magic (right hand)
 G - a +2 ring of strength
 M - an uncursed amulet of regeneration {unknown}
Wands
 e - a wand of flame (31)
 i - a wand of iceblast (8)
 v - a wand of polymorph (9)
 A - a wand of scattershot (7)
 B - a wand of paralysis (17)
 R - a wand of random effects (15)
 W - a wand of digging (3)
Scrolls
 b - a scroll of identify
 f - a scroll of enchant armour
 w - 3 scrolls of noise
 y - 8 scrolls of remove curse
 J - a scroll of magic mapping
 Z - 2 scrolls of immolation
Potions
 d - 3 potions of brilliance
 g - 3 potions of cancellation
 j - 3 potions of ambrosia
 k - 5 potions of curing
 m - 2 potions of haste
 D - 2 potions of magic {unknown}
 H - 2 potions of might {unknown}
 I - 2 potions of agility
 T - a potion of invisibility
Miscellaneous
 S - a lightning rod (4/4)
 U - a phial of floods
Comestibles
 c - 55 rations
 x - 15 chunks of flesh


   Skills:
 + Level 11.2 Fighting
 * Level 11.2 Polearms
 - Level 4.0 Armour
 + Level 10.2 Dodging
 - Level 2.0 Stealth
 - Level 4.0 Shields
 - Level 10.0 Spellcasting
 + Level 2.3 Charms
 - Level 12.0 Summonings
 - Level 4.0 Ice Magic
 - Level 8.0 Air Magic
 - Level 8.0 Invocations


You had 13 spell levels left.
You knew the following spells:

 Your Spells              Type           Power        Failure   Level  Hunger
a - Summon Small Mammal   Summ           ####         1%          1    None
b - Call Imp              Summ           ######..     1%          2    None
c - Call Canine Familiar  Summ           ######..     1%          3    None
d - Summon Lightning Spi  Summ/Air       #####...     4%          4    ###....
e - Summon Ice Beast      Ice/Summ       #####...     10%         4    ###....
f - Deflect Missiles      Chrm/Air       ####......   99%         6    ######.

Your spell library contained the following spells:

 Spells                   Type           Power        Failure   Level  Hunger
 Summon Guardian Golem    Hex/Summ       ####....     7%          3    None
 Animate Skeleton         Necr           N/A          26%         1    None
 Apportation              Tloc           #.....       26%         1    None
 Confusing Touch          Hex            #.....       26%         1    None
 Corona                   Hex            #......      26%         1    None
 Flame Tongue             Conj/Fire      #....        26%         1    None
 Sandblast                Erth           #.....       26%         1    None
 Passwall                 Tmut/Erth      #.......     38%         2    None
 Slow                     Hex            #.......     38%         2    None
 Sublimation of Blood     Necr           #.........   38%         2    None
 Throw Flame              Conj/Fire      #.....       38%         2    None
 Inner Flame              Hex/Fire       #.......     63%         3    None
 Portal Projectile        Hex/Tloc       #.....       63%         3    None
 Stone Arrow              Conj/Erth      #.....       63%         3    None
 Silence                  Hex/Air        ###.......   82%         5    #####..
 Animate Dead             Necr           N/A          95%         4    ###....
 Cause Fear               Hex            #.........   95%         4    ###....
 Leda's Liquefaction      Hex/Erth       #.........   95%         4    ###....
 Petrify                  Tmut/Erth      #.......     95%         4    ###....
 Iskenderun's Battlesphe  Conj/Chrm      ##......     99%         5    #####..
 Bolt of Magma            Conj/Fire/Erth #.........   100%        5    #####..
 Dispel Undead            Necr           #.......     100%        5    #####..
 Lee's Rapid Deconstruct  Erth           #.........   100%        5    #####..
 Venom Bolt               Conj/Pois      #.........   100%        5    #####..
 Conjure Ball Lightning   Conj/Air       ###.......   100%        6    ######.
 Iron Shot                Conj/Erth      #.........   100%        6    ######.
 Simulacrum               Ice/Necr       ###.......   100%        6    ######.
 Orb of Destruction       Conj           #.........   100%        7    #######
 Spellforged Servitor     Conj/Summ      ####......   100%        7    #######
 Tornado                  Air            #####.....   100%        9    #######


Dungeon Overview and Level Annotations

Branches:
Dungeon (13/15)            Temple (1/1) D:4            Lair (6/6) D:10
 Shoals (0/4) Lair:3        Snake (0/4) Lair:3        Slime (0/5) Lair:5
    Orc (0/2) D:9          Vaults (0/5) D:13

Altars:
Ashenzari
Cheibriados
Dithmenos
Elyvilon
Fedhas
Gozag
Hepliaklqana
Kikubaaqudgha
Makhleb
Nemelex Xobeh
Okawaru
Qazlal
Ru
Sif Muna
Trog
Uskayaw
Vehumet
Wu Jian
Xom
Yredelemnul
Zin
The Shining One
Jiyva
Lugonu

Shops:
D:6 *%*%

Portals:
Trove: D:12 (give 22 scrolls of identify)

Annotations:
D:6 exclusion: upstairs
Lair:5 exclusions: door and downstairs


Innate Abilities, Weirdness & Mutations

You have a beak for a mouth.
You have claws for feet.
You can fly continuously.
Your skin changes colour to match your surroundings (Stealth+).
You passively map a small area around you.


Message History

You barely miss the shock serpent. Your kick misses the shock serpent.
The shock serpent is almost dead.
Your wolf bites the skeletal warrior but does no damage.
You block the skeletal warrior's attack.
The shock serpent closely misses you.
Unknown command.
Your Kryia's mail coat prevents you from hitting the shock serpent.
The shock serpent is almost dead.
You puncture the shock serpent! You burn the shock serpent.
You kill the shock serpent!
Okawaru accepts your kill.
The centaur warrior returns to its original shape as it dies.
The air sparks with electricity, shocking you!
You resist.
Your wolf bites the skeletal warrior but does no damage.
A red film seems to cover your vision as you go berserk!
Your finesse ends abruptly.
You feel yourself moving faster!
You feel mighty!
Your wolf closely misses the skeletal warrior.
The skeletal warrior hits you from afar with a +0 halberd!
You die...

.(#.........####.........##...##.
.(#......................##...##.
.(#......................##......
.(#......................##...##.
..#...............[[.....##...##.
..#...............##.....##...##.
..................##.....##...##.
...)..............##.....##...##.
..#.)((.((((.hz†@.##.....##...##>
..#.))...(........##(.........##.
..#.......(.......##.)........##.
....(.....(.......##......)...# ,
...##.......##....##..(.......#*,
..####(....####...##..........#
.## ##.)[## ##..##..).......# ,
.## ###'### ##..##..........#
..####.....####...##..........#


You could see a skeletal warrior and a friendly wolf.

Vanquished Creatures
  Rupert (Lair:4)
  Kirke (Lair:6)
  2 vault guards (D:13)
  4 hydras
  A catoblepas (Lair:2)
  2 two-headed ogres
  2 centaur warriors
  6 death yaks
  A shock serpent (D:13)
  2 skeletal warriors (D:12)
  An unseen horror (D:13)
  A deep elf mage (D:12)
  Pikel (D:8)
  2 harpies (Lair:6)
  3 manticores (Lair:6)
  2 ugly things
  7 elephants
  Psyche (D:8)
  3 black mambas
  Joseph (D:8)
  A torpor snail (Lair:6)
  A centaur skeleton (D:6)
  8 spiny frogs
  7 komodo dragons
  4 rime drakes
  3 trolls
  A meliai (Lair:4)
  A hornet (Lair:6)
  3 polar bears
  10 slime creatures
  2 wind drakes (Lair:6)
  2 blink frogs (Lair:2)
  3 dream sheep
  3 hippogriffs
  Sigmund (D:4)
  5 wyverns
  A spriggan (D:13)
  A shadow (D:12)
  A vampire (D:13)
  3 basilisks
  2 hogs
  40 yaks
  A hungry ghost (D:12)
  A human (Lair:5)
  2 steam dragons
  2 nagas (Lair:3)
  8 porcupines
  An acid dragon (D:13)
  6 water moccasins
  A black bear (D:8)
  3 orc warriors
  Duvessa (D:4)
  A sky beast (D:7)
  3 eyes of draining
  A slave (D:8)
  3 necrophages
  3 phantoms
  4 ogres
  4 wolves
  9 crocodiles
  11 centaurs
  12 bullfrogs
  A big kobold (D:6)
  A wyvern zombie (D:9)
  Dowan (D:4)
  2 scorpions
  A water moccasin skeleton (D:11)
  6 killer bees
  4 wights
  8 crimson imps
  2 centaur zombies (D:7)
  4 hounds
  2 bullfrog zombies
  A quasit (D:7)
  3 orc priests
  2 jellies
  2 iguanas
  2 bullfrog skeletons
  5 orc wizards
  5 worker ants
  A hound skeleton (D:6)
  9 adders
  4 shadow imps
  2 adder skeletons
  5 leopard geckos
  18 orcs
  5 bats
  2 bat zombies (D:3)
  6 giant cockroaches
  4 hobgoblins
  3 jackals
  2 quokkas
  4 ball pythons
  8 frilled lizards
  7 goblins
  17 kobolds
  A leopard gecko zombie (D:6)
  6 rats
  A rat zombie (D:3)
381 creatures vanquished.

Vanquished Creatures (collateral kills)
  Harold (D:7)
  A vault guard (D:13)
  A merfolk avatar (Lair:6)
  A death yak (Lair:6)
  2 skeletal warriors (D:13)
  2 deep elf magi
  4 elephants
  4 black mambas
  Maurice (D:9)
  4 spiny frogs
  3 komodo dragons (Lair:6)
  A polar bear (Lair:4)
  2 meliai (Lair:4)
  Prince Ribbit (D:9)
  3 trolls
  A queen bee (Lair:4)
  5 blink frogs
  7 dream sheep
  6 hippogriffs
  4 slime creatures
  A snapping turtle (Lair:3)
  A shadow (D:13)
  3 wyverns
  24 yaks
  A human (Lair:5)
  A basilisk (D:10)
  A hog (Lair:6)
  Grum (D:9)
  A hungry ghost (D:12)
  2 nagas (Lair:3)
  6 water moccasins
  A porcupine (Lair:4)
  5 orc warriors
  A slave (D:8)
  An ogre (D:4)
  6 wolves
  A black bear (D:7)
  2 centaurs
  6 crocodiles
  2 big kobolds
  3 bullfrogs
  A scorpion (D:12)
  10 wights
  17 killer bees
  4 crimson imps
  A quasit (D:11)
  7 orc priests
  A bullfrog skeleton (D:13)
  Crazy Yiuf (D:5)
  2 iguanas
  A worker ant (D:9)
  Natasha (twice) (D:2)
  4 orc wizards
  3 adders
  An adder skeleton (D:5)
  A worm (D:3)
  A leopard gecko (D:1)
  14 orcs
  3 bats
  2 giant cockroaches
  2 goblins
  2 hobgoblins (D:1)
  4 jackals
  A ball python (D:2)
  A frilled lizard (D:4)
  12 kobolds
222 creatures vanquished.

Vanquished Creatures (others)
  3 humans (Lair:5)
  A scorpion (D:13)
  A bush (Lair:6)
  14 fungi
  18 plants
37 creatures vanquished.

Grand Total: 640 creatures vanquished

Notes
Turn   | Place    | Note
-------+----------+-------------------------------------------
     0 | D:1      | CanOfBees the Tengu Summoner began the quest for the Orb.
     0 | D:1      | Reached XP level 1. HP: 10/10 MP: 4/4
   440 | D:1      | Reached skill level 5 in Summonings
   479 | D:1      | Reached XP level 2. HP: 14/16 MP: 6/6
   484 | D:1      | Learned a level 2 spell: Call Imp
   684 | D:1      | Reached skill level 1 in Fighting
  1569 | D:2      | Reached XP level 3. HP: 18/20 MP: 7/7
  1590 | D:2      | Learned a level 3 spell: Call Canine Familiar
  2171 | D:2      | Noticed Natasha
  2180 | D:2      | Killed Natasha
  2420 | D:2      | Reached XP level 4. HP: 26/26 MP: 3/9
  2627 | D:2      | Found a stormy altar of Qazlal.
  2636 | D:2      | Found a shimmering altar of Xom.
  2727 | D:2      | Noticed Natasha
  2734 | D:2      | Killed Natasha
  3467 | D:3      | Found a hazy altar of Hepliaklqana.
  3923 | D:3      | Gained mutation: You can fly continuously. [Tengu growth]
  3923 | D:3      | Reached XP level 5. HP: 31/31 MP: 6/10
  3983 | D:3      | Learned a level 4 spell: Summon Lightning Spire
  4219 | D:3      | Found an ancient bone altar of Kikubaaqudgha.
  4295 | D:4      | Noticed Sigmund
  4414 | D:4      | Noticed an ogre
  4425 | D:4      | Killed an ogre
  4425 | D:4      | Reached skill level 6 in Summonings
  4425 | D:4      | Reached skill level 1 in Air Magic
  4430 | D:4      | Found a staircase to the Ecumenical Temple.
  4454 | Temple   | Entered the Ecumenical Temple
  4561 | D:4      | Noticed Duvessa
  4566 | D:4      | Noticed Dowan
  4586 | D:4      | Killed Duvessa
  4586 | D:4      | Reached XP level 6. HP: 25/36 MP: 0/12
  4606 | D:4      | Killed Dowan
  4985 | D:4      | Killed Sigmund
  4985 | D:4      | Reached XP level 7. HP: 40/41 MP: 7/13
  5735 | D:5      | Entered Level 5 of the Dungeon
  5824 | D:5      | Found the +7 Kryia's mail coat {PotionHeal*2 rC+}
  5897 | D:5      | Reached skill level 1 in Armour
  5897 | D:5      | Reached skill level 7 in Summonings
  6058 | D:5      | Found an iron altar of Okawaru.
  6092 | D:5      | Became a worshipper of Warmaster Okawaru
  6141 | D:5      | Found a white marble altar of Elyvilon.
  6210 | D:5      | Found an opulent altar of Gozag.
  6211 | D:5      | Found a sparkling altar of Nemelex Xobeh.
  6542 | D:5      | Reached XP level 8. HP: 44/48 MP: 9/15
  6578 | D:5      | Found a runed translucent door.
  6579 | D:5      | Noticed Crazy Yiuf
  6602 | D:5      | Killed Crazy Yiuf
  7045 | D:6      | Found Wuipseut's General Store.
  7215 | D:6      | Found Qekauta's Assorted Antiques.
  7240 | D:6      | Bought a scroll of identify for 50 gold pieces
  7252 | D:6      | Found a burning altar of Makhleb.
  7339 | D:6      | Reached * piety under Okawaru
  7339 | D:6      | Reached skill level 1 in Invocations
  7562 | D:6      | Found Kahoa's Food Shoppe.
  7644 | D:6      | Found Adepuyhy's Food Shop.
  7661 | D:6      | Reached skill level 5 in Spellcasting
  7723 | D:6      | Reached skill level 5 in Air Magic
  8293 | D:7      | Reached ** piety under Okawaru
  8293 | D:7      | Reached skill level 1 in Polearms
  8304 | D:7      | Identified Sif Muna's Grimoire of the Doomed Arsonist
  8329 | D:7      | Reached XP level 9. HP: 40/53 MP: 9/18
  8536 | D:7      | Reached skill level 5 in Fighting
  8830 | D:7      | Found a deep blue altar of Sif Muna.
  8836 | D:7      | Found a shattered altar of Ashenzari.
  8868 | D:7      | Reached skill level 8 in Summonings
  8935 | D:7      | Noticed Harold
  8964 | D:7      | Killed Harold
  8964 | D:7      | Reached *** piety under Okawaru
  9208 | D:7      | Found a hide-covered altar of Uskayaw.
  9364 | D:7      | Reached **** piety under Okawaru
  9559 | D:7      | Received a gift from Okawaru
  9620 | D:7      | Found a blossoming altar of Fedhas.
  9690 | D:8      | Noticed Joseph
  9707 | D:8      | Killed Joseph
  9889 | D:8      | Noticed Psyche
  9907 | D:8      | Killed Psyche
  9907 | D:8      | Reached XP level 10. HP: 39/60 MP: 21/21
 10647 | D:8      | Noticed Pikel
 10648 | D:8      | Found a bloodstained altar of Trog.
 10660 | D:8      | Killed Pikel
 10839 | D:8      | Reached skill level 9 in Summonings
 11284 | D:9      | Noticed Grum
 11299 | D:9      | Killed Grum
 11299 | D:9      | Reached ***** piety under Okawaru
 11556 | D:9      | Reached skill level 1 in Shields
 11675 | D:9      | Gained mutation: Your skin changes colour to match your
                  | surroundings (Stealth+). [potion of mutation]
 11675 | D:9      | Gained mutation: You passively map a small area around you.
                  | [potion of mutation]
 12338 | D:9      | Noticed Prince Ribbit
 12348 | D:9      | Noticed Maurice
 12365 | D:8      | Received a gift from Okawaru
 12859 | D:9      | Killed Prince Ribbit
 13218 | D:9      | Killed Maurice
 13432 | D:9      | Reached skill level 5 in Polearms
 13880 | D:9      | Found an ornate altar of the Wu Jian Council.
 13945 | D:9      | Found a staircase to the Orcish Mines.
 14033 | D:10     | Entered Level 10 of the Dungeon
 14140 | D:10     | Reached XP level 11. HP: 62/66 MP: 11/23
 14419 | D:10     | Reached skill level 5 in Invocations
 14782 | D:10     | Found a staircase to the Lair.
 15216 | Lair:1   | Entered Level 1 of the Lair of Beasts
 15262 | Lair:1   | Received a gift from Okawaru
 16007 | Lair:1   | Reached ****** piety under Okawaru
 16360 | Lair:2   | Noticed a six-headed hydra
 16369 | Lair:2   | Noticed a catoblepas
 16370 | Lair:2   | Found a gate leading to a gauntlet.
 16379 | Gauntlet | Entered a Gauntlet
 16379 | Gauntlet | Found a transporter.
 16379 | Gauntlet | Found a transporter.
 16379 | Gauntlet | Found a transporter.
 16379 | Gauntlet | Noticed a catoblepas
 16379 | Gauntlet | Noticed a wizard
 16380 | Gauntlet | Found a transporter.
 16384 | Gauntlet | Found a transporter.
 16392 | Gauntlet | Noticed a fire crab
 16393 | Gauntlet | Found a transporter.
 16404 | Gauntlet | Found a transporter.
 16410 | Gauntlet | Found a transporter.
 16418 | Gauntlet | Found a transporter.
 16439 | Gauntlet | Found a transporter.
 16443 | Gauntlet | Noticed a moth of wrath
 16445 | Gauntlet | Found a transporter.
 16463 | Gauntlet | Found a transporter.
 16489 | Gauntlet | Noticed a wizard
 16684 | Lair:2   | Killed a catoblepas
 16693 | Lair:2   | Killed a six-headed hydra
 17069 | Lair:2   | Received a gift from Okawaru
 18135 | Lair:1   | Learned a level 4 spell: Summon Ice Beast
 18333 | Lair:3   | Reached skill level 10 in Summonings
 18338 | Lair:3   | Reached skill level 5 in Dodging
 18369 | Lair:3   | Received a gift from Okawaru
 18374 | Lair:3   | Got a pitted ring mail {god gift}
 18376 | Lair:3   | Identified the +1 ring mail of Keynum {rN+ Str+5} (Okawaru
                  | gifted it to you on level 3 of the Lair of Beasts)
 18439 | Lair:3   | Reached XP level 12. HP: 73/73 MP: 22/25
 18717 | Lair:3   | Found a staircase to the Snake Pit.
 19055 | Lair:3   | Noticed a four-headed hydra
 19074 | Lair:3   | Killed a four-headed hydra
 19464 | Lair:3   | Found a staircase to the Shoals.
 19967 | Lair:4   | Noticed a five-headed hydra
 20028 | Lair:4   | Killed a five-headed hydra
 21774 | Lair:4   | Noticed Rupert
 21842 | Lair:4   | Killed Rupert
 21842 | Lair:4   | Received a gift from Okawaru
 22263 | Lair:5   | Noticed a death yak
 22263 | Lair:5   | Noticed a death yak
 22263 | Lair:5   | Noticed a death yak
 22430 | Lair:5   | Noticed a death yak
 22430 | Lair:5   | Noticed a death yak
 22430 | Lair:5   | Noticed a death yak
 22431 | Lair:5   | Noticed a death yak
 22432 | Lair:5   | Noticed a death yak
 22451 | Lair:5   | Killed a death yak
 22482 | Lair:4   | Killed a death yak
 22570 | Lair:5   | Found a viscous altar of Jiyva.
 22686 | Lair:5   | Reached XP level 13. HP: 64/80 MP: 27/27
 23785 | Lair:5   | Reached skill level 11 in Summonings
 23898 | Lair:5   | Found a staircase to the Slime Pits.
 24731 | Lair:4   | Reached skill level 1 in Ice Magic
 24916 | Lair:4   | Received a gift from Okawaru
 25453 | Lair:5   | Found a staircase to the Slime Pits.
 25454 | Lair:5   | Found a viscous altar of Jiyva.
 25869 | Lair:6   | Entered Level 6 of the Lair of Beasts
 26525 | Lair:5   | Reached skill level 10 in Spellcasting
 27895 | Lair:6   | Received a gift from Okawaru
 28782 | Lair:6   | Noticed Kirke
 29686 | Lair:6   | Reached skill level 10 in Fighting
 29692 | Lair:6   | Reached XP level 14. HP: 74/88 MP: 26/29
 32565 | Lair:6   | Received a gift from Okawaru
 32788 | Lair:6   | Killed Kirke
 32788 | Lair:6   | Reached skill level 10 in Polearms
 32814 | Lair:6   | Got a scintillating glass ring
 35746 | D:12     | Found a portal to a secret trove of treasure.
 37198 | D:12     | Learned a level 6 spell: Deflect Missiles
 38188 | D:13     | Reached skill level 1 in Charms
 39376 | D:12     | Reached skill level 10 in Dodging
 39697 | D:12     | Reached skill level 12 in Summonings
 39997 | D:13     | Received a gift from Okawaru
 40478 | D:13     | Found a gate to the Vaults.
 41272 | D:13     | Slain by a skeletal warrior

Skill      XL: |  1  2  3  4  5  6  7  8  9 10 11 12 13 14 |
---------------+-------------------------------------------+-----
Summonings     | 5 6 7 8 9 10 11 12 | 12.0
Fighting       | 1 2 3 4 5 6 7 8 10 11 | 11.2
Spellcasting   | 3 4 5 6 7 8 9 10 | 10.0
Air Magic      | 1 3 4 5 6 8 |  8.0
Armour         | 1 2 4 |  4.0
Invocations    | 2 3 4 5 6 8 |  8.0
Polearms       | 1 3 5 6 7 9 11 | 11.2
Dodging        | 3 5 6 8 10 | 10.2
Shields        | 4 |  4.0
Ice Magic      | 3 4 |  4.0
Charms         | 2 |  2.3
Stealth        | |  2.0

Action                   |  1- 3 |  4- 6 |  7- 9 | 10-12 | 13-15 || total
-------------------------+-------+-------+-------+-------+-------++-------
Melee: Unarmed           |    13 |       |       |       |    17 ||    30
       Spear             |    59 |    93 |   216 |   282 |       ||   650
       Kick              |     9 |    28 |    86 |   138 |   251 ||   512
       Peck              |     5 |    15 |    48 |    94 |   157 ||   319
       Short sword       |       |    13 |    45 |       |       ||    58
       Blowgun           |       |     1 |       |       |       ||     1
       Dagger            |       |       |    30 |    22 |       ||    52
       Demon trident     |       |       |       |   280 |   818 ||  1098
 Fire: Blowgun           |       |     9 |     6 |     4 |       ||    19
       Shortbow          |       |       |     3 |       |       ||     3
Throw: Stone             |    20 |     6 |    30 |   148 |   110 ||   314
       Javelin           |       |       |       |    32 |    34 ||    66
       Tomahawk          |       |       |       |     4 |    71 ||    75
 Cast: Summon Small Mamm |     4 |       |       |       |       ||     4
       Call Imp          |    12 |    15 |    12 |    24 |     4 ||    67
       Call Canine Famil |     2 |    11 |     9 |    17 |     9 ||    48
       Summon Lightning  |       |       |     9 |    77 |    91 ||   177
Invok: Heroism           |       |       |     2 |     7 |     6 ||    15
       Finesse           |       |       |       |     1 |     6 ||     7
 Abil: Fly               |       |     1 |       |       |     1 ||     2
       Stop Flying       |       |       |       |       |     1 ||     1
Evoke: Wand              |       |       |       |     2 |     9 ||    11
       Phial of floods   |       |       |       |     1 |       ||     1
  Use: Scroll            |       |     1 |     9 |    26 |    10 ||    46
       Potion            |       |     2 |       |     9 |    10 ||    21
 Stab: Sleeping          |     2 |     3 |     1 |     1 |       ||     7
       Distracted        |       |     1 |     2 |    17 |    20 ||    40
       Invisible         |       |       |       |     1 |       ||     1
  Eat: Chunk             |     5 |    10 |    11 |    58 |    68 ||   152
       Ration            |       |       |     2 |       |     1 ||     3
Armor: Robe              |    19 |    37 |       |    38 |       ||    94
       Ring mail         |       |       |    69 |       |       ||    69
       Scale mail        |       |       |    54 |   152 |   286 ||   492
Dodge: Dodged            |    68 |    84 |   204 |   333 |   563 ||  1252
Block: Buckler           |       |       |    12 |   155 |   205 ||   372
